Map: Rhoskallian LE

Players

Focus

  • Race: Terran Terran
  • League: Platinum
  • Spawn Location: 11:00

invert

  • Race: Protoss Protoss
  • League: Gold
  • Spawn Location: 12:00

qqq

  • Race: Terran Terran
  • Spawn Location: 5:00

Massa

  • Race: Terran Terran
  • League: Platinum
  • Spawn Location: 6:00

VOD

Have the link to the VOD?

Description

Time

  • Played on: Oct. 28, 2020, 4:10 p.m.
  • Length: 17:26
Show
View Real Time Build Order
Export as new Build Order

Focus Terran 

Build Orders:  

Get SALT Encoding   

  12  0:03  SCV  
  13  0:15  SCV  
  13  0:19  Supply Depot  
  14  0:27  SCV  
  15  0:31  Refinery  
  15  0:45  Barracks  
  15  0:48  SCV  
  16  1:00  SCV  
  17  1:13  SCV  
  18  1:36  Marine  
  19  1:52  Supply Depot  
  19  1:53  Bunker  
  19  1:56  Marine  
  20  2:04  Factory  
  20  2:08  Refinery  
  20  2:14  Marine, Supply Depot  
  20  2:30  SCV  
  21  2:42  SCV  
  22  2:47  Marine  
  22  2:50  Hellion  
  25  3:04  Marine  
  26  3:14  Factory Reactor  
  26  3:16  Orbital Command  
  26  3:22  Command Center  
  26  3:26  Marine  
  27  3:43  Marine  
  28  4:17  Hellion x2  
  30  4:41  Hellion x2  
  34  4:48  Factory x2  
  34  5:03  SCV x2  
  32  5:15  SCV x2  
  34  5:37  Factory Tech Lab, Hellion x2  
  34  5:39  Factory Reactor  
  34  5:40  Orbital Command  
  34  5:42  SCV  
  36  5:54  SCV  
  37  6:06  SCV  
  38  6:11  SCV  
  38  6:16  Infernal Pre-Igniter  
  39  6:18  SCV  
  39  6:23  SCV  
  41  6:28  Supply Depot  
  41  6:30  SCV  
  41  6:31  Supply Depot x2  
  42  6:35  SCV  
  42  6:37  Cyclone  
  42  6:38  Hellion x2  
  42  6:39  Hellion x2  
  54  6:49  Supply Depot  
  54  6:50  SCV x2  
  56  6:56  Refinery  
  56  6:57  Refinery  
  56  7:02  SCV x2  
  58  7:14  SCV x2  
  60  7:26  SCV x2  
  62  7:32  Engineering Bay  
  62  7:35  Factory  
  62  7:37  Factory x2  
  62  7:38  SCV x2  
  64  7:50  SCV x2  
  66  7:59  Armory, Mag-Field Accelerator  
  66  8:01  Cyclone  
  66  8:02  SCV x2, Hellion  
  66  8:03  Hellion  
  66  8:04  Hellion x2  
  79  8:22  Factory Tech Lab x2  
  79  8:25  Factory Tech Lab  
  79  8:32  Sensor Tower, Missile Turret  
  79  8:38  Missile Turret  
  79  8:43  Missile Turret  
  79  8:51  Command Center  
  79  9:07  Thor  
  79  9:09  Sensor Tower  
  85  10:02  Thor x2  
  85  10:03  Hellion  
  99  10:20  SCV x2  
  101  10:25  Thor  
  101  10:26  Thor, Terran Vehicle Weapons Level 1  
  113  10:32  SCV  
  114  10:37  Armory  
  112  10:58  Orbital Command  
  112  11:14  Orbital Command  
  112  11:50  Thor  
  116  12:53  Siege Tank  
  117  13:03  Thor  
  117  13:21  Hellbat x2, Siege Tank  
  117  13:22  Hellbat x2, Siege Tank  
  117  13:26  Supply Depot  
  117  13:27  Terran Vehicle Weapons Level 2  
  131  13:28  Supply Depot  
  131  13:29  Terran Vehicle And Ship Armor Level 1, Supply Depot  
  131  13:31  Smart Servos  
  131  13:33  Supply Depot  
  131  13:43  Hellbat  
  131  13:48  Hellbat x3  
  139  13:49  Thor  
  139  13:50  Supply Depot  
  139  13:51  Thor, Supply Depot  
  139  13:53  Thor  
  139  13:55  Thor  
  163  14:01  Refinery x2  
  163  14:04  Hellbat  
  165  14:12  Hellbat x2  
  163  14:32  Siege Tank  
  163  14:34  Siege Tank  
  163  14:36  Siege Tank  
  163  14:38  Siege Tank  
  167  14:55  Hellbat x4  
  175  15:04  Siege Tank  
  175  15:06  Siege Tank  
  181  15:32  Hellbat  
  181  16:08  Hellbat  
  181  16:10  Siege Tank  
  181  16:11  Hellbat x2  
  181  16:17  Hellbat, Siege Tank x2  
  179  16:34  Siege Tank  
  178  16:42  Siege Tank  
Show
View Real Time Build Order
Export as new Build Order

invert Protoss 

Build Orders: Carriers, Proxy Void Ray 

Get SALT Encoding   

  12  0:01  Probe (Chrono Boost)  
  13  0:10  Probe (Chrono Boost)  
  14  0:23  Pylon  
  14  0:27  Probe  
  15  0:43  Gateway  
  15  0:47  Probe  
  15  0:48  Assimilator  
  16  0:55  Assimilator  
  16  0:59  Probe (Chrono Boost)  
  17  1:11  Probe (Chrono Boost)  
  18  1:16  Probe (Chrono Boost)  
  19  1:25  Probe  
  20  1:35  Cybernetics Core  
  20  1:37  Probe  
  20  1:38  Pylon  
  21  1:49  Probe  
  22  2:01  Probe  
  23  2:14  Stargate  
  23  2:19  Stargate  
  23  2:29  Stalker (Chrono Boost)  
  23  2:31  Pylon  
  25  2:47  Pylon  
  25  2:50  Stalker (Chrono Boost)  
  25  2:54  Shield Battery  
  27  2:59  Void Ray  
  31  3:09  Shield Battery  
  31  3:36  Void Ray  
  31  3:38  Forge  
  35  4:02  Void Ray  
  39  4:30  Protoss Air Weapons Level 1 (Chrono Boost)  
  39  4:37  Nexus  
  39  4:51  Pylon  
  39  4:59  Fleet Beacon  
  39  5:01  Probe  
  40  5:11  Shield Battery  
  40  5:13  Probe  
  41  5:25  Probe  
  42  5:30  Assimilator  
  42  5:35  Assimilator  
  42  5:37  Probe  
  44  5:50  Probe  
  44  6:02  Probe  
  43  6:06  Carrier (Chrono Boost)  
  49  6:14  Probe  
  50  6:19  Carrier (Chrono Boost)  
  56  6:32  Probe  
  57  6:34  Probe  
  58  6:44  Probe  
  58  6:47  Probe  
  60  6:56  Probe  
  60  6:59  Probe  
  62  7:08  Probe  
  63  7:11  Probe  
  63  7:12  Protoss Shields Level 1  
  64  7:20  Protoss Air Weapons Level 2 (Chrono Boost)  
  65  7:23  Probe (Chrono Boost)  
  65  7:24  Probe (Chrono Boost)  
  65  7:25  Void Ray  
  70  7:43  Pylon  
  70  7:47  Flux Vanes  
  70  7:48  Pylon  
  70  8:01  Probe x2  
  72  8:07  Pylon  
  72  8:11  Pylon  
  72  8:12  Twilight Council  
  72  8:13  Probe x2, Photon Cannon  
  74  8:20  Nexus  
  74  8:21  Photon Cannon  
  74  8:25  Probe  
  75  8:31  Photon Cannon  
  75  8:37  Probe  
  76  8:47  Photon Cannon, Pylon  
  76  8:52  Photon Cannon, Mothership (Chrono Boost)  
  90  9:10  Carrier x2  
  96  9:18  Shield Battery  
  96  9:19  Photon Cannon  
  96  9:33  Assimilator  
  96  9:37  Assimilator  
  98  9:54  Probe (Chrono Boost)  
  98  9:55  Probe (Chrono Boost)  
  98  9:56  Protoss Shields Level 2 (Chrono Boost)  
  98  10:06  Probe x2 (Chrono Boost)  
  100  10:13  Protoss Air Weapons Level 3 (Chrono Boost)  
  100  10:15  Probe x2  
  100  10:17  Stargate  
  102  10:24  Probe  
  102  10:27  Probe x2  
  105  10:37  Probe  
  105  10:39  Probe x2  
  108  10:49  Probe  
  109  10:51  Probe x2  
  111  11:00  Pylon  
  111  11:01  Probe  
  111  11:03  Probe x2  
  114  11:05  Pylon  
  114  11:07  Pylon x2  
  114  11:13  Carrier  
  114  11:15  Probe  
  114  11:16  Probe  
  114  11:17  Carrier  
  128  11:21  Carrier  
  134  11:27  Probe  
  134  11:28  Probe  
  136  11:36  Nexus  
  136  12:07  Carrier  
  136  12:09  Shield Battery  
  136  12:10  Shield Battery  
  136  12:12  Photon Cannon  
  136  12:13  Photon Cannon  
  136  12:14  Photon Cannon  
  136  12:17  Photon Cannon  
  136  12:21  Tempest  
  142  12:25  Tempest  
  142  12:29  Pylon  
  147  12:33  Pylon  
  152  12:37  Protoss Shields Level 3 (Chrono Boost)  
  152  12:39  Pylon  
  152  12:53  Protoss Air Armor Level 1 (Chrono Boost)  
  152  12:59  Stargate  
  152  13:00  Stargate  
  152  13:15  Tempest x3  
  167  13:27  Probe  
  167  13:28  Probe x3  
  171  13:39  Probe  
  171  13:40  Probe x3  
  175  13:44  Assimilator  
  175  13:47  Photon Cannon  
  175  13:48  Assimilator  
  175  13:51  Probe, Photon Cannon  
  175  13:54  Photon Cannon, Unknown  
  176  13:57  Photon Cannon, Shield Battery  
  176  14:00  Shield Battery  
  176  14:18  Tempest (Chrono Boost)  
  176  14:19  Tempest x2 (Chrono Boost)  
  196  14:24  Tempest (Chrono Boost)  
  196  14:44  Tempest (Chrono Boost)  
  178  15:08  Pylon  
  178  15:10  Pylon  
  178  15:12  Pylon  
  178  15:24  Pylon  
  178  15:26  Probe, Pylon  
  178  15:28  Tempest x2  
  189  15:30  Tempest  
  194  15:38  Probe  
  194  15:42  Tempest  
Show
View Real Time Build Order
Export as new Build Order

qqq Terran 

Build Orders:  

Get SALT Encoding   

  12  0:01  SCV  
  13  0:18  Supply Depot  
  13  0:23  SCV  
  14  0:29  Refinery  
  14  0:39  SCV  
  15  0:45  Barracks  
  15  0:53  SCV  
  16  1:05  SCV  
  17  1:17  SCV  
  18  1:25  Barracks  
  18  1:29  SCV  
  18  1:32  Refinery  
  19  1:39  Reaper  
  20  1:41  SCV  
  21  1:54  SCV  
  22  2:08  Orbital Command  
  22  2:11  Reaper  
  23  2:22  Barracks Reactor  
  23  2:30  Supply Depot  
  23  2:51  SCV, Reaper  
  23  2:53  Supply Depot  
  23  2:58  Reaper  
  25  3:03  SCV  
  26  3:10  Reaper  
  27  3:16  Supply Depot  
  27  3:23  Reaper  
  27  3:25  Factory  
  28  3:30  Reaper  
  29  3:42  Reaper  
  30  3:55  Reaper  
  30  4:02  Reaper  
  31  4:13  Command Center  
  31  4:14  Reaper  
  32  4:23  Starport  
  32  4:34  Reaper  
  32  4:35  Barracks Tech Lab  
  33  4:46  Reaper  
  33  4:50  SCV  
  35  4:56  Marine  
  35  4:57  Engineering Bay  
  36  5:02  SCV  
  36  5:06  Marine  
  38  5:20  SCV  
  39  5:32  SCV  
  40  5:46  SCV x2  
  41  5:58  SCV x2  
  35  6:08  Viking  
  35  6:10  SCV  
  37  6:21  Missile Turret  
  37  6:25  SCV x2, Fusion Core  
  39  6:29  Marine x2  
  41  6:37  SCV x2  
  41  6:39  Starport, Starport Tech Lab  
  43  6:42  Missile Turret  
  43  6:43  Factory Tech Lab  
  43  6:49  SCV  
  45  7:02  Orbital Command  
  45  7:03  Missile Turret  
  45  7:04  SCV  
  45  7:13  Command Center  
  45  7:15  Armory  
  45  7:16  SCV  
  45  7:20  Battlecruiser  
  45  7:21  Starport Tech Lab  
  52  7:29  SCV  
  53  7:37  Missile Turret  
  53  7:38  Supply Depot  
  53  7:41  SCV  
  54  7:45  Battlecruiser  
  60  7:52  SCV  
  60  7:53  SCV  
  60  7:58  Refinery, Missile Turret  
  62  8:00  Supply Depot  
  62  8:01  Refinery  
  62  8:04  SCV  
  62  8:05  SCV  
  64  8:08  Weapon Refit  
  64  8:16  SCV  
  64  8:17  SCV  
  66  8:28  SCV  
  66  8:29  SCV x2  
  69  8:41  SCV x2  
  70  8:45  Battlecruiser  
  78  8:53  SCV x2  
  78  8:54  SCV  
  78  8:55  Refinery  
  80  8:56  Refinery  
  80  9:06  SCV, Terran Ship Weapons Level 1  
  81  9:18  SCV  
  83  9:34  Planetary Fortress  
  82  9:44  Command Center  
  82  9:45  Battlecruiser  
  88  9:55  Starport  
  88  10:07  SCV x2  
  88  10:12  Supply Depot  
  90  10:19  SCV x2  
  92  10:31  SCV  
  92  10:34  SCV, Battlecruiser  
  92  10:35  Supply Depot  
  100  10:43  SCV  
  100  10:48  Starport Reactor  
  101  10:56  SCV x3, Battlecruiser  
  111  10:58  Supply Depot  
  111  11:01  Terran Vehicle And Ship Armor Level 1  
  111  11:08  SCV x2  
  112  11:12  Refinery  
  112  11:13  Planetary Fortress  
  112  11:15  Marine x3  
  115  11:20  Supply Depot  
  115  11:28  SCV x3  
  118  11:33  Marine x3, Viking  
  118  11:34  Viking  
  118  11:38  Battlecruiser  
  131  11:40  SCV  
  131  11:42  SCV x2  
  131  11:44  Supply Depot  
  134  11:51  Marine x3  
  134  11:52  SCV  
  138  12:03  Viking  
  138  12:05  Battlecruiser  
  138  12:07  Supply Depot  
  146  12:08  Marine  
  141  12:30  Supply Depot  
  139  12:43  Battlecruiser  
  141  12:54  Viking x2, Missile Turret  
  145  13:06  SCV  
  146  13:15  Missile Turret  
  146  13:17  Command Center  
  146  13:22  Sensor Tower  
  146  13:24  Viking  
  148  13:32  Supply Depot  
  148  13:37  Missile Turret  
  148  13:41  Supply Depot  
  148  13:43  Command Center  
  148  13:44  Terran Ship Weapons Level 2  
  148  13:52  Armory  
  148  13:53  Viking, Battlecruiser  
  148  13:54  Supply Depot  
  156  14:00  Missile Turret  
  156  14:03  Viking, Battlecruiser  
  156  14:05  Supply Depot  
  156  14:07  Hi-Sec Auto Tracking  
  164  14:16  Supply Depot  
  164  14:23  Command Center, Viking  
  166  14:30  Supply Depot  
  165  14:32  Supply Depot  
  165  14:39  Supply Depot  
  165  14:40  Viking  
  167  14:52  Supply Depot  
  167  14:56  Supply Depot  
  167  14:58  Battlecruiser  
  173  15:02  Supply Depot  
  169  15:07  Viking, Battlecruiser  
  177  15:16  Supply Depot  
  177  15:17  Rapid Reignition System  
  177  15:25  Supply Depot  
  177  15:29  Planetary Fortress  
  156  15:36  Refinery, SCV  
  156  15:39  Viking, Supply Depot  
  156  15:40  Viking  
  160  15:48  Supply Depot  
  160  15:49  SCV  
  161  16:01  SCV  
  161  16:02  Battlecruiser  
  168  16:09  Viking  
  168  16:10  Viking  
  166  16:11  Battlecruiser  
  166  16:13  SCV  
  131  16:25  SCV  
  118  16:27  Starport  
  118  16:30  Starport  
  118  16:31  Starport  
  106  16:34  Starport  
  106  16:39  Viking x2  
  88  17:19  Starport Reactor  
  88  17:20  Starport Reactor x3  
Show
View Real Time Build Order
Export as new Build Order

Massa Terran 

Build Orders:  

Get SALT Encoding   

  12  0:00  SCV  
  13  0:12  SCV  
  14  0:23  Supply Depot  
  14  0:24  SCV  
  15  0:31  Refinery  
  15  0:45  SCV  
  15  0:49  Barracks  
  16  0:57  SCV  
  17  1:09  SCV  
  18  1:16  Barracks  
  18  1:23  SCV  
  19  1:35  SCV  
  19  1:37  Reaper  
  21  1:40  Supply Depot  
  21  1:47  Orbital Command  
  21  1:56  Supply Depot  
  21  2:05  Reaper  
  22  2:09  Reaper  
  22  2:13  SCV  
  24  2:19  Supply Depot  
  24  2:37  Reaper  
  24  2:41  Reaper  
  26  2:55  Command Center  
  26  3:09  Refinery, Reaper  
  26  3:10  Command Center  
  27  3:19  Reaper  
  23  4:14  Barracks Tech Lab  
  23  4:15  Orbital Command  
  23  4:17  SCV  
  23  4:18  Barracks Reactor  
  23  4:22  Orbital Command  
  24  4:29  SCV  
  25  4:36  Barracks  
  25  4:37  Barracks  
  24  4:40  Factory, Engineering Bay  
  24  4:41  SCV, Marine  
  25  4:47  SCV  
  26  4:53  SCV  
  26  4:54  Stimpack  
  26  4:55  Marine  
  26  4:56  Marine  
  26  4:59  SCV, Marine  
  31  5:05  SCV  
  32  5:08  Missile Turret  
  32  5:11  Missile Turret  
  32  5:13  Marine, Terran Infantry Weapons Level 1  
  33  5:16  Marine  
  33  5:17  Missile Turret  
  33  5:21  Missile Turret  
  34  5:22  SCV x3  
  34  5:26  Barracks Reactor, Barracks Tech Lab  
  37  5:28  Factory Tech Lab  
  37  5:30  Marine  
  37  5:31  Marine  
  37  5:34  SCV x2  
  41  5:39  Marauder  
  43  5:44  SCV  
  43  5:46  SCV  
  43  5:48  Marine  
  43  5:49  Marine  
  47  5:51  Refinery x2  
  47  6:00  Marauder  
  47  6:01  Marauder  
  51  6:06  Marine  
  51  6:07  Marine  
  53  6:12  Combat Shield  
  53  6:22  SCV, Marauder x2  
  53  6:23  SCV x2  
  60  6:29  Missile Turret  
  60  6:32  Missile Turret  
  60  6:35  SCV x2  
  62  6:42  Siege Tank  
  66  6:47  SCV x2  
  66  6:49  Starport  
  67  6:57  Orbital Command  
  67  6:59  SCV x2  
  69  7:05  Marauder x2, Marine x3  
  69  7:06  Marine  
  69  7:07  Terran Infantry Armor Level 1  
  77  7:19  Supply Depot  
  77  7:21  Supply Depot  
  77  7:41  SCV x3, Marauder, Siege Tank  
  77  7:43  Marauder, Supply Depot  
  87  7:48  Missile Turret  
  87  7:52  Missile Turret  
  87  7:53  SCV x3, Marine x3  
  93  8:04  Supply Depot x2  
  93  8:05  SCV x2, Marauder x2, Medivac  
  101  8:08  Missile Turret  
  101  8:11  Missile Turret  
  101  8:13  Supply Depot  
  101  8:22  Concussive Shells  
  101  8:25  Marine x4, Siege Tank  
  101  8:26  Marauder x2  
  112  8:27  Supply Depot  
  112  8:42  SCV x3  
  112  8:43  Marine x4  
  112  8:47  Refinery, Marine x2  
  121  8:49  Refinery  
  121  8:51  Armory  
  121  8:53  Starport Reactor  
  121  8:54  SCV x3  
  124  9:01  Marine x4  
  128  9:05  Marine  
  128  9:06  SCV  
  130  9:16  Engineering Bay  
  129  9:35  Marauder x2  
  133  9:40  Marine x4  
  126  9:46  Terran Vehicle Weapons Level 1  
  126  9:48  Thor  
  132  9:55  Terran Infantry Armor Level 2, Terran Infantry Weapons Level 2  
  132  9:57  Armory  
  132  9:58  Marine  
  133  10:01  Marine  
  133  10:05  Supply Depot  
  133  10:07  Supply Depot  
  133  10:16  Factory  
  133  10:18  Factory  
  133  10:20  Command Center  
  133  10:27  Marauder x2, Marine x4  
  141  10:30  Supply Depot x2  
  141  10:33  Supply Depot  
  141  10:37  Thor  
  147  10:44  Marine x2  
  149  10:51  SCV x3, Marine x2  
  149  10:52  Marauder x2  
  158  11:00  Terran Vehicle And Ship Armor Level 1  
  158  11:02  Marine, Medivac x2  
  158  11:04  SCV x2  
  165  11:09  Marine  
  165  11:10  Factory Tech Lab x2  
  166  11:13  Marauder x2  
  170  11:28  Sensor Tower  
  170  11:31  Thor  
  170  11:32  Viking x2  
  178  11:34  Marine  
  178  11:35  Marauder  
  183  11:45  SCV x3  
  186  11:57  SCV  
  186  11:58  SCV  
  188  12:07  Refinery  
  188  12:13  Planetary Fortress  
  188  12:15  Refinery  
  188  12:23  Supply Depot  
  188  12:24  Supply Depot  
  188  12:25  Supply Depot  
  188  12:26  Terran Infantry Weapons Level 3, Supply Depot  
  188  12:45  SCV x3, Viking x2  
  188  12:47  Supply Depot  
  188  12:49  Supply Depot  
  188  12:50  Supply Depot  
  195  12:52  Supply Depot  
  195  12:57  SCV x2  
  197  13:14  SCV x3, Supply Depot  
  197  13:15  Supply Depot  
  197  13:17  Supply Depot  
  200  13:28  Missile Turret  
  200  13:32  Missile Turret  
  200  13:36  Missile Turret  
  200  13:45  Smart Servos  
  200  13:46  Drilling Claws  
  200  13:48  Missile Turret  
  200  13:52  Missile Turret  
  200  13:57  Missile Turret  
  200  14:00  Missile Turret  
  200  14:01  Missile Turret x2  
  200  14:03  Missile Turret  
  200  14:05  Missile Turret  
  200  14:10  Missile Turret  
  199  14:20  Missile Turret  
  196  14:43  Thor  
  198  15:08  Terran Vehicle And Ship Armor Level 2, Terran Vehicle Weapons Level 2  
  198  15:11  Hi-Sec Auto Tracking  
  198  15:56  Missile Turret x3  
  198  15:57  Missile Turret  
  198  15:58  Missile Turret  
  198  15:59  Missile Turret  
  198  16:02  Thor  
  199  16:06  Thor  
  114  16:19  Viking x2  
  114  16:21  Marauder x2, Marine  
  114  16:22  Marine x3  
  114  16:25  Thor  
  103  16:39  Marine  
  102  16:40  Marine x3  
  102  16:42  Marauder  
  102  16:43  Marauder  
  96  16:49  Viking x2  
  96  16:52  Missile Turret x2  
  96  16:53  Missile Turret  
  106  16:54  Missile Turret  
  106  16:55  Missile Turret  
  106  16:56  Missile Turret  
  106  16:57  Marine, Missile Turret  
  106  16:58  Marine x3  
  110  17:02  Factory  
  110  17:03  Factory  
  110  17:04  Marauder x2  
  110  17:08  Factory  
Tags
 
Add a new tag
Caveats
  • Supply blocks, unpowered buildings, or Contaminate may cause inaccurate times.
  • Supply counts are checked every 10 seconds.